Map: Planta ácida EJ

Players

etmajo

  • Race: Protoss Protoss
  • League: Diamond
  • Spawn Location: 5:00

Marte - Winner!

  • Race: Zerg Zerg
  • League: Diamond
  • Spawn Location: 11:00

VOD

Have the link to the VOD?

Description

Time

  • Played on: Sept. 1, 2018, 8:52 p.m.
  • Length: 4:26
Show
View Real Time Build Order
Export as new Build Order

etmajo Protoss 

Build Orders: 1 Gate Expand, Oracle Opening, Phoenix Opening 

Get SALT Encoding   

  12  0:01  Probe  
  13  0:13  Probe  
  14  0:20  Pylon  
  14  0:25  Probe  
  15  0:37  Probe  
  15  0:40  Gateway  
  16  0:45  Probe  
  16  0:46  Assimilator  
  17  0:53  Assimilator, Probe  
  18  1:11  Probe  
  19  1:23  Probe  
  20  1:31  Nexus  
  20  1:35  Probe  
  21  1:46  Cybernetics Core  
  21  1:49  Probe  
  22  1:58  Pylon  
  22  2:02  Probe  
  23  2:16  Probe  
  23  2:22  Adept  
  26  2:26  Stargate  
  26  2:28  Probe  
  27  2:39  Gateway  
  27  2:42  Probe  
  28  2:49  Adept  
  30  2:54  Probe x2  
  32  3:04  Stargate  
  32  3:11  Phoenix  
  34  3:14  Probe  
  34  3:16  Probe  
  36  3:26  Probe  
  37  3:28  Probe  
  37  3:30  Assimilator  
  37  3:31  Adept  
  38  3:34  Assimilator  
  38  3:39  Shield Battery  
  36  3:44  Pylon  
  33  3:49  Oracle  
Show
View Real Time Build Order
Export as new Build Order

Marte Zerg - Winner!

Build Orders: Hatch First 

Get SALT Encoding   

  12  0:03  Drone  
  13  0:14  Drone  
  14  0:20  Overlord  
  14  0:38  Drone x3  
  17  0:52  Hatchery  
  16  1:00  Drone  
  16  1:01  Drone  
  18  1:05  Extractor  
  17  1:16  Spawning Pool  
  16  1:29  Drone  
  16  1:30  Drone  
  18  1:38  Drone  
  19  1:52  Overlord  
  19  2:03  Queen  
  19  2:04  Queen  
  19  2:05  Zergling x2  
  19  2:06  Zergling x2  
  25  2:09  Metabolic Boost  
  25  2:16  Drone  
  25  2:18  Drone  
  27  2:25  Drone  
  28  2:46  Zergling x4  
  28  2:48  Hatchery, Zergling x2  
  28  2:49  Zergling x2  
  31  3:08  Drone  
  31  3:09  Baneling Nest  
  31  3:15  Drone  
  31  3:16  Overlord  
  31  3:18  Zergling x8  
  34  3:43  Zergling x12  
  40  4:09  Drone x7  
Tags
 
Add a new tag
Caveats
  • Supply blocks, unpowered buildings, or Contaminate may cause inaccurate times.
  • Supply counts are checked every 10 seconds.